Sharks vs Stars
Created - November 30, 2020 at 19:21
Goals
|
Sharks |
0 |
1 |
2 |
3 |
Stars |
1 |
2 |
1 |
4 |
|
Shots
|
Sharks |
10 |
9 |
6 |
25 |
Stars |
14 |
9 |
8 |
31 |
|
1st period
1. Stars , John Tavares 13 (Guillaume Latendresse 13) at 8:40
Penalties :
No Penalty
2nd period
2. Stars , Cory Emmerton 5 (John Tavares 24) at 7:59
3. Sharks , Luke Adam 6 (Jiri Tlusty 7) at 14:31
4. Stars , Ian White 4 (John Tavares 25, Guillaume Latendresse 14) at 16:25 (PP)
Penalties :
Brayden McNabb (SJS) for Roughing (Minor) at 16:22, PK Subban (SJS) for Hooking (Minor) at 17:30
3rd period
5. Sharks , Jiri Tlusty 2 (PK Subban 11, Andrej Sekera 4) at 1:47
6. Stars , Ian White 5 (Cory Emmerton 3, Brian Lee 11) at 9:30
7. Sharks , Jason Spezza 9 (Nick Palmieri 10) at 15:23
Penalties :
Oskar Osala (SJS) for Roughing (Minor) at 2:08, Nick Palmieri (SJS) for Tripping (Minor) at 9:45, Alexander Frolov (Dal) for Cross-checking (Minor) at 17:10, Oskar Osala (SJS) for Holding Stick (Minor) at 18:54
Goalie Stats
Ryan Miller (SJS), 27 saves from 31 shots - (0.871), L, 8-3-5, 59:04 minutes
Cory Schneider (Dal), 22 saves from 25 shots - (0.880), W, 8-4-0, 60:00 minutes
Players Stats for Sharks
Player Name G A P +/- PIM S H SB GA TA FO MP PP MP PK MP
------------------------------------------------------------------------------------
Andrej Sekera 0 1 1 0 0 0 2 0 0 2 0/0 18:31 0:00 2:18
Boone Jenner 0 0 0 -2 0 1 0 0 0 0 2/2 7:29 0:00 0:57
Brandon Dubinsky 0 0 0 0 0 5 1 1 0 0 1/3 18:25 0:43 2:49
Brayden McNabb 0 0 0 -1 2 0 0 4 0 1 0/0 13:07 0:00 1:01
David Rundblad 0 0 0 0 0 0 0 0 0 0 0/0 0:30 0:00 0:10
Drew Doughty 0 0 0 1 0 1 1 1 1 2 0/0 28:26 1:08 4:32
Jason Spezza 1 0 1 0 0 4 2 0 0 0 17/38 23:34 1:01 3:37
Jiri Tlusty 1 1 2 1 0 2 0 1 2 1 0/1 16:20 0:00 0:00
Joni Pitkanen 0 0 0 -1 0 1 0 0 0 2 0/0 12:43 0:36 0:00
Luke Adam 1 0 1 1 0 2 0 0 0 0 5/11 11:29 0:00 0:00
Mike Cammalleri 0 0 0 0 0 0 2 0 0 0 0/2 21:50 1:01 1:38
Milan Michalek 0 0 0 1 0 1 0 0 0 0 0/0 11:39 0:00 0:00
Nick Palmieri 0 1 1 0 2 3 1 0 0 0 4/6 22:53 1:01 2:45
Oskar Osala 0 0 0 0 4 1 1 0 0 0 1/1 15:35 0:42 0:00
PK Subban 0 1 1 1 2 0 1 1 1 0 0/0 23:31 0:36 3:01
T.J. Hensick 0 0 0 0 0 2 0 0 0 0 4/7 15:45 0:43 0:09
Tyler Cuma 0 0 0 0 0 2 1 2 2 0 0/0 23:40 1:08 2:38
Zach Boychuk 0 0 0 -1 0 0 2 0 1 0 0/0 7:23 0:00 1:45
Players Stats for Stars
Player Name G A P +/- PIM S H SB GA TA FO MP PP MP PK MP
------------------------------------------------------------------------------------
Alex Chiasson 0 0 0 -3 0 1 1 1 0 0 0/0 17:51 3:34 0:00
Alexander Frolov 0 0 0 2 2 0 2 0 2 0 0/0 11:57 0:11 0:00
Antoine Vermette 0 0 0 -3 0 1 3 0 0 0 9/13 17:51 3:34 0:00
B.J. Crombeen 0 0 0 2 0 0 0 0 0 0 0/0 11:43 0:00 0:00
Boris Valabik 0 0 0 0 0 3 0 2 1 1 0/0 18:38 2:01 0:38
Brian Lee 0 1 1 1 0 2 0 4 0 1 0/0 31:19 4:49 1:06
Cam Atkinson 0 0 0 0 0 2 0 0 0 0 0/0 6:04 0:00 0:00
Cory Emmerton 1 1 2 2 0 2 0 1 0 1 7/11 11:51 0:04 0:00
Evgeny Grachev 0 0 0 0 0 1 1 0 0 0 2/4 6:19 0:00 0:15
Guillaume Latendresse 0 2 2 1 0 2 3 1 1 1 1/1 23:46 3:12 1:16
Ian White 2 0 2 1 0 2 2 2 1 0 0/0 31:19 4:49 1:06
John Tavares 1 2 3 1 0 3 1 0 1 1 18/42 23:54 3:16 1:16
Jussi Jokinen 0 0 0 -3 0 2 2 0 0 0 0/0 18:19 3:34 0:28
Michael Grabner 0 0 0 1 0 6 1 0 1 0 0/0 22:21 3:05 0:13
Paul Ladue 0 0 0 -1 0 0 0 1 0 2 0/0 10:03 0:00 0:00
Shane O'Brien 0 0 0 0 0 1 2 0 0 0 0/0 18:38 2:01 0:38
Ted Purcell 0 0 0 0 0 1 1 0 1 0 0/0 6:04 0:00 0:00
Tyson Barrie 0 0 0 -1 0 2 0 0 0 0 0/0 10:03 0:00 0:00
3 Stars
1 - Ian White (Dal)
2 - John Tavares (Dal)
3 - Cory Emmerton (Dal)
Power Play
Sharks - 0 on 1 Attempt(s) - 0.00%
Stars - 1 on 5 Attempt(s) - 20.00%
Penalty Kill
Sharks - 4 on 5 Attempt(s) - 80.00%
- Score 0 goal in Penalty Kill
Stars - 1 on 1 Attempt(s) - 100.00%
- Score 0 goal in Penalty Kill
Team Stat
Sharks - Hits : 14 - Faceoff Wins : 34 - Blocked Shots : 10 - Penalty Minutes : 10
Stars - Hits : 19 - Faceoff Wins : 37 - Blocked Shots : 12 - Penalty Minutes : 2
Official
Referees : Unknown
Linesman : Unknown
Game Notes
No Game Note
Finance
Level 1 -- Attendance: 4707 (78.45%) -- Ticket Income $541,305
Level 2 -- Attendance: 4999 (99.98%) -- Ticket Income $324,935
Level 3 -- Attendance: 1911 (95.55%) -- Ticket Income $76,440
Level 4 -- Attendance: 3507 (87.68%) -- Ticket Income $105,210
Luxury Box -- Attendance: 773 (77.30%) -- Ticket Income $173,925
Game was played at the American Airlines Center.
Total Attendance: 15897 (88.32%)
Total Ticket Income: $1,221,815
Other Income: $183,272
Total Income: $1,405,087
Sharks
5 vs 5 Forward
Center Left Wing Right Wing Time % Phy DF OF
1 Jason Spezza Mike Cammalleri Nick Palmieri 40 1 2 2
2 T.J. Hensick Brandon Dubinsky Oskar Osala 30 1 2 2
3 Luke Adam Milan Michalek Jiri Tlusty 20 1 2 2
4 Boone Jenner Zach Boychuk Jiri Tlusty 10 1 2 2
5 vs 5 Defense
Defense Defense Time % Phy DF OF
1 Drew Doughty Tyler Cuma 40 1 1 3
2 Andrej Sekera PK Subban 30 1 2 2
3 Joni Pitkanen Brayden McNabb 20 1 2 2
4 Drew Doughty PK Subban 10 1 2 2
PowerPlay Forward
Center Left Wing Right Wing Time % Phy DF OF
1 Jason Spezza Mike Cammalleri Nick Palmieri 60 1 1 3
2 T.J. Hensick Brandon Dubinsky Oskar Osala 40 1 1 3
PowerPlay Defense
Defense Defense Time % Phy DF OF
1 Drew Doughty Tyler Cuma 60 0 2 3
2 Joni Pitkanen PK Subban 40 0 2 3
Penalty Kill 4 Players Forward
Center Wing Time % Phy DF OF
1 Jason Spezza Nick Palmieri 60 1 4 0
2 Mike Cammalleri Brandon Dubinsky 40 1 4 0
Penalty Kill 4 Players Defense
Defense Defense Time % Phy DF OF
1 Drew Doughty PK Subban 60 1 4 0
2 Andrej Sekera Tyler Cuma 40 1 4 0
Penalty Kill - 3 Players Forward
Forward Time % Phy DF OF
1 Jason Spezza 60 1 4 0
2 Nick Palmieri 40 1 4 0
Penalty Kill - 3 Players Defense
Defense Defense Time % Phy DF OF
1 Drew Doughty Andrej Sekera 60 1 4 0
2 Andrej Sekera Joni Pitkanen 40 1 4 0
4 vs 4 Forward
Center Wing Time % Phy DF OF
1 Jason Spezza Nick Palmieri 60 1 2 2
2 Mike Cammalleri Brandon Dubinsky 40 1 2 2
4 vs 4 Defense
Defense Defense Time % Phy DF OF
1 Drew Doughty Tyler Cuma 60 1 2 2
2 Joni Pitkanen PK Subban 40 1 2 2
Last Minutes Offensive
Center Left Wing Right Wing Defense Defense
Jason Spezza Mike Cammalleri Nick Palmieri Drew Doughty PK Subban
Last Minutes Defensive
Center Left Wing Right Wing Defense Defense
Jason Spezza Milan Michalek Nick Palmieri Drew Doughty Andrej Sekera
Goaltenders
Starting : Ryan Miller
Backup : Tyler Weiman
Extra Forwards
Normal : Milan Michalek, Boone Jenner, Zach Boychuk - PP : Milan Michalek, Boone Jenner - PK : Zach Boychuk
Extra Defensemen
Normal : Andrej Sekera, David Rundblad, Brayden McNabb - PP : David Rundblad - PK : Brayden McNabb, David Rundblad
Penalty Shots
Jason Spezza, Nick Palmieri, Mike Cammalleri, Brandon Dubinsky, Milan Michalek
Scratches
Bobby Butler (Healthy)
Stars
5 vs 5 Forward
Center Left Wing Right Wing Time % Phy DF OF
1 John Tavares Guillaume Latendresse Michael Grabner 40 1 2 2
2 Antoine Vermette Jussi Jokinen Alex Chiasson 30 1 2 2
3 Cory Emmerton Alexander Frolov B.J. Crombeen 20 1 2 2
4 Evgeny Grachev Ted Purcell Cam Atkinson 10 1 2 2
5 vs 5 Defense
Defense Defense Time % Phy DF OF
1 Ian White Brian Lee 40 1 2 2
2 Shane O'Brien Boris Valabik 30 1 2 2
3 Tyson Barrie Paul Ladue 20 1 2 2
4 Ian White Brian Lee 10 1 2 2
PowerPlay Forward
Center Left Wing Right Wing Time % Phy DF OF
1 John Tavares Guillaume Latendresse Michael Grabner 60 0 2 3
2 Antoine Vermette Jussi Jokinen Alex Chiasson 40 0 2 3
PowerPlay Defense
Defense Defense Time % Phy DF OF
1 Ian White Brian Lee 60 0 2 3
2 Shane O'Brien Boris Valabik 40 0 2 3
Penalty Kill 4 Players Forward
Center Wing Time % Phy DF OF
1 John Tavares Guillaume Latendresse 60 0 3 2
2 Jussi Jokinen Michael Grabner 40 0 3 2
Penalty Kill 4 Players Defense
Defense Defense Time % Phy DF OF
1 Ian White Brian Lee 60 0 3 2
2 Shane O'Brien Boris Valabik 40 0 3 2
Penalty Kill - 3 Players Forward
Forward Time % Phy DF OF
1 John Tavares 60 0 3 2
2 Guillaume Latendresse 40 0 3 2
Penalty Kill - 3 Players Defense
Defense Defense Time % Phy DF OF
1 Ian White Brian Lee 60 0 3 2
2 Shane O'Brien Boris Valabik 40 0 3 2
4 vs 4 Forward
Center Wing Time % Phy DF OF
1 John Tavares Guillaume Latendresse 60 0 2 3
2 Jussi Jokinen Michael Grabner 40 0 2 3
4 vs 4 Defense
Defense Defense Time % Phy DF OF
1 Ian White Brian Lee 60 0 2 3
2 Shane O'Brien Boris Valabik 40 0 2 3
Last Minutes Offensive
Center Left Wing Right Wing Defense Defense
John Tavares Guillaume Latendresse Michael Grabner Ian White Brian Lee
Last Minutes Defensive
Center Left Wing Right Wing Defense Defense
John Tavares Guillaume Latendresse Michael Grabner Ian White Brian Lee
Goaltenders
Starting : Cory Schneider
Backup : Matt Murray
Extra Forwards
Normal : Alexander Frolov, Cory Emmerton, Evgeny Grachev - PP : Alexander Frolov, Cory Emmerton - PK : Evgeny Grachev
Extra Defensemen
Normal : Tyson Barrie, Paul Ladue, Shane O'Brien - PP : Tyson Barrie - PK : Paul Ladue, Shane O'Brien
Penalty Shots
John Tavares, Guillaume Latendresse, Jussi Jokinen, Michael Grabner, Antoine Vermette
Scratches
Andrej Sustr (Healthy), Damien Brunner (Healthy)
% Time on Ice - Sharks
Lines # - Real PCT - Wanted PCT - Time Play
Normal Forward
1 - 38% - 40% - 19:12
2 - 29% - 30% - 14:53
3 - 22% - 20% - 11:29
4 - 11% - 10% - 5:37
Normal Defense
1 - 38% - 40% - 19:30
2 - 30% - 30% - 15:35
3 - 24% - 20% - 12:07
4 - 8% - 10% - 3:59
PP Forward
1 - 59% - 60% - 1:01
2 - 41% - 40% - 0:43
PP Defense
1 - 65% - 60% - 1:08
2 - 35% - 40% - 0:36
PK Forward
1 - 85% - 60% - 5:48
2 - 15% - 40% - 1:02
PK Defense
1 - 66% - 60% - 4:32
2 - 34% - 40% - 2:18
PK3 Forward
1 - 0% - 60%
2 - 0% - 40%
PK3 Defense
1 - 0% - 60%
2 - 0% - 40%
44 Forward
1 - 100% - 60% - 0:15
2 - 0% - 40% - 0:00
44 Defense
1 - 100% - 60% - 0:15
2 - 0% - 40% - 0:00
Last Minute Offensive - 0:00
Last Minute Defensive - 0:00
Total
Forward - 60:00
Defense - 60:00
|
% Time on Ice - Stars
Lines # - Real PCT - Wanted PCT - Time Play
Normal Forward
1 - 37% - 40% - 19:07
2 - 28% - 30% - 14:17
3 - 23% - 20% - 11:43
4 - 12% - 10% - 6:04
Normal Defense
1 - 41% - 40% - 21:03
2 - 31% - 30% - 15:59
3 - 20% - 20% - 10:03
4 - 8% - 10% - 4:06
PP Forward
1 - 48% - 60% - 3:16
2 - 52% - 40% - 3:34
PP Defense
1 - 70% - 60% - 4:49
2 - 30% - 40% - 2:01
PK Forward
1 - 88% - 60% - 1:31
2 - 13% - 40% - 0:13
PK Defense
1 - 63% - 60% - 1:06
2 - 37% - 40% - 0:38
PK3 Forward
1 - 0% - 60%
2 - 0% - 40%
PK3 Defense
1 - 0% - 60%
2 - 0% - 40%
44 Forward
1 - 100% - 60% - 0:15
2 - 0% - 40% - 0:00
44 Defense
1 - 100% - 60% - 0:15
2 - 0% - 40% - 0:00
Last Minute Offensive - 0:00
Last Minute Defensive - 0:00
Total
Forward - 60:00
Defense - 60:00
|
Play-by-Play
1st period
0:01 of 1st period - Jason Spezza wins face-off versus John Tavares in neutral zone.
0:33 of 1st period - Tyler Cuma is hit by Shane O'Brien and loses puck.
1:41 of 1st period - Tyson Barrie is hit by Mike Cammalleri.
1:45 of 1st period - Slapshot by Michael Grabner.
1:45 of 1st period - Stopped by Ryan Miller with a rebound.
1:47 of 1st period - Snap shot by Tyson Barrie.
1:47 of 1st period - Shot Hit the Post.
2:14 of 1st period - Slapshot by Milan Michalek.
2:14 of 1st period - Stopped by Cory Schneider without a rebound.
2:15 of 1st period - Cory Emmerton wins face-off versus Luke Adam in Stars zone.
2:22 of 1st period - Slapshot by Luke Adam.
2:22 of 1st period - Stopped by Cory Schneider with a rebound.
2:31 of 1st period - Off-side.
2:32 of 1st period - Jason Spezza wins face-off versus John Tavares in neutral zone.
2:41 of 1st period - Snap shot by Nick Palmieri.
2:41 of 1st period - Deflect By Guillaume Latendresse.
2:41 of 1st period - Shot Blocked by Ian White.
2:41 of 1st period - Puck is out of play.
2:42 of 1st period - Jason Spezza wins face-off versus John Tavares in Stars zone.
3:07 of 1st period - Joni Pitkanen is hit by Antoine Vermette and loses puck.
3:40 of 1st period - Snap shot by Cam Atkinson.
3:40 of 1st period - Stopped by Ryan Miller with a rebound.
3:50 of 1st period - B.J. Crombeen is hit by Jason Spezza.
4:22 of 1st period - Slapshot by John Tavares.
4:22 of 1st period - Shot Misses the Net.
4:32 of 1st period - Snap shot by Nick Palmieri.
4:32 of 1st period - Shot Misses the Net.
4:59 of 1st period - Snap shot by Brandon Dubinsky.
4:59 of 1st period - Stopped by Cory Schneider without a rebound.
5:00 of 1st period - T.J. Hensick wins face-off versus John Tavares in Stars zone.
5:13 of 1st period - Snap shot by John Tavares.
5:13 of 1st period - Shot Misses the Net.
6:03 of 1st period - Snap shot by T.J. Hensick.
6:03 of 1st period - Stopped by Cory Schneider without a rebound.
6:04 of 1st period - John Tavares wins face-off versus Luke Adam in Stars zone.
6:29 of 1st period - Tyler Cuma is hit by Alexander Frolov and loses puck.
6:46 of 1st period - Slapshot by Brian Lee.
6:46 of 1st period - Deflect By Evgeny Grachev.
6:46 of 1st period - Shot Misses the Net.
6:46 of 1st period - Puck is out of play.
6:47 of 1st period - Boone Jenner wins face-off versus Evgeny Grachev in Sharks zone.
6:57 of 1st period - Snap shot by PK Subban.
6:57 of 1st period - Shot Misses the Net.
7:19 of 1st period - Wrist shot by Guillaume Latendresse.
7:19 of 1st period - Shot Blocked by Drew Doughty.
7:21 of 1st period - Wrist shot by Guillaume Latendresse.
7:21 of 1st period - Stopped by Ryan Miller with a rebound.
7:23 of 1st period - Slapshot by Tyson Barrie.
7:23 of 1st period - Stopped by Ryan Miller without a rebound.
7:24 of 1st period - T.J. Hensick wins face-off versus Antoine Vermette in Sharks zone.
7:24 of 1st period - T.J. Hensick is hit by Antoine Vermette.
7:36 of 1st period - Slapshot by Drew Doughty.
7:36 of 1st period - Shot Blocked by Brian Lee.
7:50 of 1st period - Luke Adam is hit by Guillaume Latendresse and loses puck.
8:40 of 1st period - Snap shot by John Tavares.
8:40 of 1st period - Goal by John Tavares - Sharks : 0 - Stars : 1.
8:41 of 1st period - Boone Jenner wins face-off versus Cory Emmerton in neutral zone.
8:56 of 1st period - Ian White is hit by Zach Boychuk and loses puck.
9:08 of 1st period - Off-side.
9:09 of 1st period - Antoine Vermette wins face-off versus Jason Spezza in neutral zone.
9:12 of 1st period - Snap shot by Alex Chiasson.
9:12 of 1st period - Stopped by Ryan Miller with a rebound.
9:14 of 1st period - Snap shot by Antoine Vermette.
9:14 of 1st period - Stopped by Ryan Miller with a rebound.
9:16 of 1st period - Slapshot by Shane O'Brien.
9:16 of 1st period - Stopped by Ryan Miller with a rebound.
9:36 of 1st period - Shane O'Brien is hit by Andrej Sekera and loses puck.
9:57 of 1st period - Snap shot by John Tavares.
9:57 of 1st period - Shot Blocked by Brandon Dubinsky.
9:59 of 1st period - Slapshot by Boris Valabik.
9:59 of 1st period - Stopped by Ryan Miller without a rebound.
10:00 of 1st period - T.J. Hensick wins face-off versus Cory Emmerton in Sharks zone.
10:11 of 1st period - Snap shot by Brandon Dubinsky.
10:11 of 1st period - Shot Misses the Net.
11:06 of 1st period - Slapshot by Cam Atkinson.
11:06 of 1st period - Stopped by Ryan Miller with a rebound.
11:08 of 1st period - Slapshot by Tyson Barrie.
11:08 of 1st period - Stopped by Ryan Miller with a rebound.
11:28 of 1st period - Ian White is hit by Zach Boychuk and loses puck.
12:13 of 1st period - Tyler Cuma is hit by Evgeny Grachev and loses puck.
12:20 of 1st period - Wrist shot by Brandon Dubinsky.
12:20 of 1st period - Stopped by Cory Schneider with a rebound.
12:40 of 1st period - Jussi Jokinen is hit by Mike Cammalleri and loses puck.
13:27 of 1st period - Icing by Jiri Tlusty.
13:28 of 1st period - John Tavares wins face-off versus Luke Adam in Sharks zone.
16:19 of 1st period - Wrist shot by Antoine Vermette.
16:19 of 1st period - Shot Misses the Net.
16:31 of 1st period - Snap shot by Jason Spezza.
16:31 of 1st period - Stopped by Cory Schneider without a rebound.
16:32 of 1st period - Jason Spezza wins face-off versus John Tavares in Stars zone.
16:50 of 1st period - Off-side.
16:51 of 1st period - Antoine Vermette wins face-off versus T.J. Hensick in neutral zone.
17:37 of 1st period - Wrist shot by Brandon Dubinsky.
17:37 of 1st period - Shot Misses the Net.
17:39 of 1st period - Slapshot by Brandon Dubinsky.
17:39 of 1st period - Stopped by Cory Schneider with a rebound.
17:41 of 1st period - Wrist shot by Brandon Dubinsky.
17:41 of 1st period - Stopped by Cory Schneider without a rebound.
17:42 of 1st period - John Tavares wins face-off versus Jason Spezza in Stars zone.
18:35 of 1st period - Snap shot by Alexander Frolov.
18:35 of 1st period - Shot Blocked by Brayden McNabb.
18:37 of 1st period - Slapshot by Boris Valabik.
18:37 of 1st period - Stopped by Ryan Miller without a rebound.
18:38 of 1st period - Nick Palmieri wins face-off versus John Tavares in Sharks zone.
18:38 of 1st period - Nick Palmieri is hit by Guillaume Latendresse.
18:47 of 1st period - Off-side.
18:48 of 1st period - Jason Spezza wins face-off versus John Tavares in neutral zone.
19:07 of 1st period - Slapshot by Tyler Cuma.
19:07 of 1st period - Stopped by Cory Schneider without a rebound.
19:08 of 1st period - T.J. Hensick wins face-off versus Antoine Vermette in Stars zone.
19:15 of 1st period - Snap shot by Brandon Dubinsky.
19:15 of 1st period - Stopped by Cory Schneider with a rebound.
19:25 of 1st period - Snap shot by Jussi Jokinen.
19:25 of 1st period - Stopped by Ryan Miller without a rebound.
19:26 of 1st period - John Tavares wins face-off versus Jason Spezza in Sharks zone.
19:27 of 1st period - Wrist shot by Michael Grabner.
19:27 of 1st period - Stopped by Ryan Miller with a rebound.
19:29 of 1st period - Slapshot by Michael Grabner.
19:29 of 1st period - Deflect By John Tavares.
19:29 of 1st period - Shot Misses the Net.
19:29 of 1st period - Puck is out of play.
19:30 of 1st period - Nick Palmieri wins face-off versus John Tavares in Sharks zone.
19:43 of 1st period - Drew Doughty is hit by Guillaume Latendresse and loses puck.
Goals for this period are 0 for Sharks vs 1 for Stars.
Shots for this period are 10 for Sharks vs 14 for Stars.
2nd period
0:01 of 2nd period - John Tavares wins face-off versus Jason Spezza in neutral zone.
0:26 of 2nd period - T.J. Hensick is hit by Jussi Jokinen and loses puck.
0:36 of 2nd period - Snap shot by Jussi Jokinen.
0:36 of 2nd period - Stopped by Ryan Miller without a rebound.
0:37 of 2nd period - Cory Emmerton wins face-off versus Jason Spezza in Sharks zone.
0:50 of 2nd period - Slapshot by Drew Doughty.
0:50 of 2nd period - Shot Misses the Net.
0:52 of 2nd period - Snap shot by Nick Palmieri.
0:52 of 2nd period - Shot Misses the Net.
1:21 of 2nd period - Slapshot by Jussi Jokinen.
1:21 of 2nd period - Shot Blocked by PK Subban.
1:27 of 2nd period - Snap shot by Brandon Dubinsky.
1:27 of 2nd period - Shot Misses the Net.
1:29 of 2nd period - Wrist shot by PK Subban.
1:29 of 2nd period - Shot Misses the Net.
1:31 of 2nd period - Snap shot by Oskar Osala.
1:31 of 2nd period - Deflect By T.J. Hensick.
1:31 of 2nd period - Stopped by Cory Schneider with a rebound.
1:47 of 2nd period - Slapshot by Shane O'Brien.
1:47 of 2nd period - Deflect By Ted Purcell.
1:47 of 2nd period - Stopped by Ryan Miller with a rebound.
1:53 of 2nd period - Snap shot by Evgeny Grachev.
1:53 of 2nd period - Stopped by Ryan Miller without a rebound.
1:54 of 2nd period - Luke Adam wins face-off versus John Tavares in Sharks zone.
2:01 of 2nd period - Slapshot by Drew Doughty.
2:01 of 2nd period - Deflect By Milan Michalek.
2:01 of 2nd period - Shot Misses the Net.
2:01 of 2nd period - Puck is out of play.
2:02 of 2nd period - John Tavares wins face-off versus Luke Adam in Stars zone.
2:11 of 2nd period - Slapshot by Luke Adam.
2:11 of 2nd period - Shot Misses the Net.
2:29 of 2nd period - Wrist shot by Jason Spezza.
2:29 of 2nd period - Stopped by Cory Schneider with a rebound.
2:31 of 2nd period - Snap shot by Mike Cammalleri.
2:31 of 2nd period - Shot Blocked by Brian Lee.
2:33 of 2nd period - Slapshot by Jason Spezza.
2:33 of 2nd period - Shot Blocked by Brian Lee.
2:35 of 2nd period - Backhand shot by Mike Cammalleri.
2:35 of 2nd period - Shot Misses the Net.
2:49 of 2nd period - PK Subban is hit by Jussi Jokinen and loses puck.
3:00 of 2nd period - Snap shot by Jussi Jokinen.
3:00 of 2nd period - Shot Misses the Net.
3:30 of 2nd period - Jiri Tlusty is hit by Michael Grabner and loses puck.
4:35 of 2nd period - Snap shot by Jiri Tlusty.
4:35 of 2nd period - Shot Misses the Net.
4:37 of 2nd period - Slapshot by Boone Jenner.
4:37 of 2nd period - Stopped by Cory Schneider without a rebound.
4:38 of 2nd period - Jason Spezza wins face-off versus John Tavares in Stars zone.
4:49 of 2nd period - Slapshot by Drew Doughty.
4:49 of 2nd period - Shot Misses the Net.
4:51 of 2nd period - Snap shot by Nick Palmieri.
4:51 of 2nd period - Stopped by Cory Schneider without a rebound.
4:52 of 2nd period - Jason Spezza wins face-off versus John Tavares in Stars zone.
7:57 of 2nd period - Wrist shot by Cory Emmerton.
7:57 of 2nd period - Shot Misses the Net.
7:59 of 2nd period - Snap shot by Cory Emmerton.
7:59 of 2nd period - Goal by Cory Emmerton - Sharks : 0 - Stars : 2.
8:00 of 2nd period - John Tavares wins face-off versus Jason Spezza in neutral zone.
8:02 of 2nd period - Tyson Barrie is hit by Andrej Sekera and loses puck.
8:29 of 2nd period - Icing by Drew Doughty.
8:30 of 2nd period - Antoine Vermette wins face-off versus Brandon Dubinsky in Sharks zone.
8:56 of 2nd period - Icing by Shane O'Brien.
8:57 of 2nd period - Antoine Vermette wins face-off versus Jason Spezza in Stars zone.
9:33 of 2nd period - Alex Chiasson is hit by Drew Doughty and loses puck.
9:59 of 2nd period - Off-side.
10:00 of 2nd period - Jason Spezza wins face-off versus John Tavares in neutral zone.
10:32 of 2nd period - Snap shot by Oskar Osala.
10:32 of 2nd period - Stopped by Cory Schneider with a rebound.
10:34 of 2nd period - Slapshot by Joni Pitkanen.
10:34 of 2nd period - Stopped by Cory Schneider without a rebound.
10:35 of 2nd period - Cory Emmerton wins face-off versus Jason Spezza in Stars zone.
11:01 of 2nd period - Tyson Barrie is hit by Tyler Cuma and loses puck.
11:30 of 2nd period - Snap shot by John Tavares.
11:30 of 2nd period - Deflect By Michael Grabner.
11:30 of 2nd period - Stopped by Ryan Miller without a rebound.
11:31 of 2nd period - Cory Emmerton wins face-off versus Jason Spezza in Sharks zone.
12:21 of 2nd period - John Tavares is hit by Oskar Osala.
12:40 of 2nd period - Brayden McNabb is hit by Shane O'Brien and loses puck.
12:55 of 2nd period - Cory Emmerton is hit by Jason Spezza and loses puck.
13:40 of 2nd period - Snap shot by John Tavares.
13:40 of 2nd period - Stopped by Ryan Miller without a rebound.
13:41 of 2nd period - Jason Spezza wins face-off versus John Tavares in Sharks zone.
13:52 of 2nd period - Wrist shot by Nick Palmieri.
13:52 of 2nd period - Stopped by Cory Schneider with a rebound.
13:54 of 2nd period - Wrist shot by Nick Palmieri.
13:54 of 2nd period - Shot Misses the Net.
13:56 of 2nd period - Wrist shot by Jason Spezza.
13:56 of 2nd period - Shot Blocked by Brian Lee.
14:06 of 2nd period - Andrej Sekera is hit by Alexander Frolov and loses puck.
14:25 of 2nd period - Wrist shot by Milan Michalek.
14:25 of 2nd period - Shot Blocked by Alex Chiasson.
14:27 of 2nd period - Snap shot by Jiri Tlusty.
14:27 of 2nd period - Stopped by Cory Schneider without a rebound.
14:28 of 2nd period - Luke Adam wins face-off versus Antoine Vermette in Stars zone.
14:29 of 2nd period - Snap shot by Jiri Tlusty.
14:29 of 2nd period - Shot Misses the Net.
14:31 of 2nd period - Snap shot by Luke Adam.
14:31 of 2nd period - Goal by Luke Adam - Sharks : 1 - Stars : 2.
14:32 of 2nd period - Jason Spezza wins face-off versus John Tavares in neutral zone.
14:45 of 2nd period - Slapshot by Drew Doughty.
14:45 of 2nd period - Shot Blocked by Ian White.
15:18 of 2nd period - Slapshot by PK Subban.
15:18 of 2nd period - Shot Blocked by Paul Ladue.
15:24 of 2nd period - Zach Boychuk is hit by Antoine Vermette and loses puck.
15:49 of 2nd period - Slapshot by Boris Valabik.
15:49 of 2nd period - Shot Misses the Net.
16:03 of 2nd period - Wrist shot by Michael Grabner.
16:03 of 2nd period - Stopped by Ryan Miller with a rebound.
16:05 of 2nd period - Slapshot by Brian Lee.
16:05 of 2nd period - Stopped by Ryan Miller without a rebound.
16:06 of 2nd period - John Tavares wins face-off versus Jason Spezza in Sharks zone.
16:09 of 2nd period - Backhand shot by Michael Grabner.
16:09 of 2nd period - Shot Misses the Net.
16:22 of 2nd period - Minor Penalty to Brayden McNabb for Roughing.
16:23 of 2nd period - Guillaume Latendresse wins face-off versus Jason Spezza in Sharks zone.
16:23 of 2nd period - Snap shot by John Tavares.
16:23 of 2nd period - Shot Misses the Net.
16:25 of 2nd period - Slapshot by Ian White.
16:25 of 2nd period - Goal by Ian White - Sharks : 1 - Stars : 3.
16:26 of 2nd period - John Tavares wins face-off versus Jason Spezza in neutral zone.
17:03 of 2nd period - Wrist shot by Oskar Osala.
17:03 of 2nd period - Shot Misses the Net.
17:30 of 2nd period - Minor Penalty to PK Subban for Hooking.
17:31 of 2nd period - Jason Spezza wins face-off versus John Tavares in Sharks zone.
17:44 of 2nd period - Wrist shot by Nick Palmieri.
17:44 of 2nd period - Shot Blocked by Guillaume Latendresse.
18:50 of 2nd period - Brayden McNabb is hit by Alex Chiasson and loses puck.
19:30 of 2nd period - Penalty to PK Subban is over, PK Subban is back on ice.
19:55 of 2nd period - Slapshot by PK Subban.
19:55 of 2nd period - Shot Misses the Net.
Goals for this period are 1 for Sharks vs 2 for Stars.
Shots for this period are 9 for Sharks vs 9 for Stars.
3rd period
0:01 of 3rd period - John Tavares wins face-off versus Jason Spezza in neutral zone.
0:06 of 3rd period - Wrist shot by Ian White.
0:06 of 3rd period - Deflect By Guillaume Latendresse.
0:06 of 3rd period - Shot Misses the Net.
0:06 of 3rd period - Puck is out of play.
0:07 of 3rd period - Jason Spezza wins face-off versus John Tavares in Sharks zone.
0:10 of 3rd period - Slapshot by Guillaume Latendresse.
0:10 of 3rd period - Shot Hit the Post.
0:54 of 3rd period - Snap shot by Cory Emmerton.
0:54 of 3rd period - Shot Blocked by Brayden McNabb.
0:56 of 3rd period - Wrist shot by Brian Lee.
0:56 of 3rd period - Stopped by Ryan Miller without a rebound.
0:57 of 3rd period - Cory Emmerton wins face-off versus Jason Spezza in Sharks zone.
1:29 of 3rd period - Slapshot by Tyson Barrie.
1:29 of 3rd period - Shot Misses the Net.
1:47 of 3rd period - Wrist shot by Jiri Tlusty.
1:47 of 3rd period - Goal by Jiri Tlusty - Sharks : 2 - Stars : 3.
1:48 of 3rd period - John Tavares wins face-off versus Jason Spezza in neutral zone.
1:57 of 3rd period - Wrist shot by John Tavares.
1:57 of 3rd period - Shot Misses the Net.
2:03 of 3rd period - Wrist shot by John Tavares.
2:03 of 3rd period - Stopped by Ryan Miller without a rebound.
2:04 of 3rd period - Antoine Vermette wins face-off versus T.J. Hensick in Sharks zone.
2:08 of 3rd period - Minor Penalty to Oskar Osala for Roughing.
2:09 of 3rd period - John Tavares wins face-off versus Jason Spezza in Sharks zone.
3:33 of 3rd period - Icing by Antoine Vermette.
3:34 of 3rd period - Antoine Vermette wins face-off versus Mike Cammalleri in Stars zone.
4:08 of 3rd period - Penalty to Oskar Osala is over, Oskar Osala is back on ice.
4:12 of 3rd period - Slapshot by Drew Doughty.
4:12 of 3rd period - Deflect By Jiri Tlusty.
4:12 of 3rd period - Shot Misses the Net.
4:12 of 3rd period - Puck is out of play.
4:13 of 3rd period - Cory Emmerton wins face-off versus Luke Adam in Stars zone.
4:24 of 3rd period - Wrist shot by Cory Emmerton.
4:24 of 3rd period - Deflect By B.J. Crombeen.
4:24 of 3rd period - Shot Misses the Net.
4:24 of 3rd period - Puck is out of play.
4:25 of 3rd period - John Tavares wins face-off versus T.J. Hensick in Sharks zone.
5:17 of 3rd period - Snap shot by Michael Grabner.
5:17 of 3rd period - Shot Blocked by Brayden McNabb.
5:19 of 3rd period - Slapshot by Ian White.
5:19 of 3rd period - Deflect By Michael Grabner.
5:19 of 3rd period - Shot Hit the Post.
5:19 of 3rd period - Puck is out of play.
5:20 of 3rd period - Antoine Vermette wins face-off versus Jason Spezza in Sharks zone.
5:50 of 3rd period - Slapshot by Boris Valabik.
5:50 of 3rd period - Stopped by Ryan Miller without a rebound.
5:51 of 3rd period - Cory Emmerton wins face-off versus Jiri Tlusty in Sharks zone.
6:45 of 3rd period - Wrist shot by T.J. Hensick.
6:45 of 3rd period - Deflect By Oskar Osala.
6:45 of 3rd period - Shot Misses the Net.
6:45 of 3rd period - Puck is out of play.
6:46 of 3rd period - Antoine Vermette wins face-off versus Brandon Dubinsky in Stars zone.
6:46 of 3rd period - Antoine Vermette is hit by Brandon Dubinsky.
7:37 of 3rd period - Icing by Cory Emmerton.
7:38 of 3rd period - Nick Palmieri wins face-off versus Cory Emmerton in Stars zone.
7:39 of 3rd period - Slapshot by Drew Doughty.
7:39 of 3rd period - Stopped by Cory Schneider with a rebound.
7:41 of 3rd period - Snap shot by Nick Palmieri.
7:41 of 3rd period - Stopped by Cory Schneider with a rebound.
7:47 of 3rd period - Snap shot by Nick Palmieri.
7:47 of 3rd period - Shot Blocked by Boris Valabik.
7:49 of 3rd period - Wrist shot by Mike Cammalleri.
7:49 of 3rd period - Shot Misses the Net.
7:51 of 3rd period - Slapshot by Drew Doughty.
7:51 of 3rd period - Shot Misses the Net.
7:53 of 3rd period - Wrist shot by Mike Cammalleri.
7:53 of 3rd period - Deflect By Jason Spezza.
7:53 of 3rd period - Shot Blocked by Boris Valabik.
7:53 of 3rd period - Puck is out of play.
7:54 of 3rd period - Oskar Osala wins face-off versus John Tavares in Stars zone.
9:28 of 3rd period - Snap shot by Cory Emmerton.
9:28 of 3rd period - Shot Blocked by Brayden McNabb.
9:30 of 3rd period - Slapshot by Ian White.
9:30 of 3rd period - Goal by Ian White - Sharks : 2 - Stars : 4.
9:31 of 3rd period - John Tavares wins face-off versus Nick Palmieri in neutral zone.
9:42 of 3rd period - Wrist shot by John Tavares.
9:42 of 3rd period - Deflect By Michael Grabner.
9:42 of 3rd period - Stopped by Ryan Miller without a rebound.
9:43 of 3rd period - Jason Spezza wins face-off versus John Tavares in Sharks zone.
9:45 of 3rd period - Minor Penalty to Nick Palmieri for Tripping.
9:46 of 3rd period - Jason Spezza wins face-off versus John Tavares in Sharks zone.
10:16 of 3rd period - Jason Spezza is hit by Ian White and loses puck.
11:45 of 3rd period - Penalty to Nick Palmieri is over, Nick Palmieri is back on ice.
11:58 of 3rd period - Slapshot by Drew Doughty.
11:58 of 3rd period - Shot Blocked by Cory Emmerton.
12:00 of 3rd period - Snap shot by Luke Adam.
12:00 of 3rd period - Deflect By Jiri Tlusty.
12:00 of 3rd period - Shot Misses the Net.
12:00 of 3rd period - Puck is out of play.
12:01 of 3rd period - Evgeny Grachev wins face-off versus Luke Adam in Stars zone.
12:06 of 3rd period - Milan Michalek is hit by Ted Purcell and loses puck.
12:11 of 3rd period - Wrist shot by Ted Purcell.
12:11 of 3rd period - Shot Misses the Net.
12:13 of 3rd period - Slapshot by Tyson Barrie.
12:13 of 3rd period - Deflect By Cam Atkinson.
12:13 of 3rd period - Shot Misses the Net.
12:13 of 3rd period - Puck is out of play.
12:14 of 3rd period - Jason Spezza wins face-off versus Antoine Vermette in Sharks zone.
12:43 of 3rd period - Backhand shot by Michael Grabner.
12:43 of 3rd period - Shot Misses the Net.
12:45 of 3rd period - Wrist shot by Guillaume Latendresse.
12:45 of 3rd period - Shot Blocked by Jiri Tlusty.
12:47 of 3rd period - Snap shot by Michael Grabner.
12:47 of 3rd period - Shot Misses the Net.
12:49 of 3rd period - Slapshot by Paul Ladue.
12:49 of 3rd period - Deflect By John Tavares.
12:49 of 3rd period - Shot Hit the Post.
12:49 of 3rd period - Puck is out of play.
12:50 of 3rd period - Jason Spezza wins face-off versus John Tavares in Sharks zone.
12:52 of 3rd period - Icing by Tyler Cuma.
12:53 of 3rd period - John Tavares wins face-off versus Jason Spezza in Sharks zone.
12:54 of 3rd period - Snap shot by Michael Grabner.
12:54 of 3rd period - Deflect By Guillaume Latendresse.
12:54 of 3rd period - Deflect By Tyler Cuma.
12:54 of 3rd period - Stopped by Ryan Miller with a rebound.
13:44 of 3rd period - Off-side.
13:45 of 3rd period - Luke Adam wins face-off versus Cory Emmerton in neutral zone.
14:00 of 3rd period - Wrist shot by Cory Emmerton.
14:00 of 3rd period - Stopped by Ryan Miller without a rebound.
14:01 of 3rd period - John Tavares wins face-off versus Jason Spezza in Sharks zone.
14:06 of 3rd period - Snap shot by Guillaume Latendresse.
14:06 of 3rd period - Shot Misses the Net.
14:27 of 3rd period - Icing by Michael Grabner.
14:28 of 3rd period - Luke Adam wins face-off versus John Tavares in Stars zone.
14:33 of 3rd period - Slapshot by Drew Doughty.
14:33 of 3rd period - Shot Misses the Net.
14:47 of 3rd period - Snap shot by John Tavares.
14:47 of 3rd period - Shot Blocked by Tyler Cuma.
14:49 of 3rd period - Snap shot by Guillaume Latendresse.
14:49 of 3rd period - Shot Hit the Post.
14:51 of 3rd period - Snap shot by Michael Grabner.
14:51 of 3rd period - Shot Misses the Net.
14:55 of 3rd period - Snap shot by Michael Grabner.
14:55 of 3rd period - Shot Blocked by Tyler Cuma.
14:57 of 3rd period - Snap shot by Michael Grabner.
14:57 of 3rd period - Shot Misses the Net.
15:05 of 3rd period - Slapshot by John Tavares.
15:05 of 3rd period - Shot Misses the Net.
15:07 of 3rd period - Backhand shot by Michael Grabner.
15:07 of 3rd period - Stopped by Ryan Miller without a rebound.
15:08 of 3rd period - Antoine Vermette wins face-off versus Mike Cammalleri in Sharks zone.
15:21 of 3rd period - Snap shot by Jason Spezza.
15:21 of 3rd period - Shot Misses the Net.
15:23 of 3rd period - Snap shot by Jason Spezza.
15:23 of 3rd period - Goal by Jason Spezza - Sharks : 3 - Stars : 4.
15:24 of 3rd period - Jason Spezza wins face-off versus John Tavares in neutral zone.
15:37 of 3rd period - Tyler Cuma is hit by Ian White and loses puck.
15:44 of 3rd period - John Tavares is hit by Nick Palmieri.
16:00 of 3rd period - Slapshot by Drew Doughty.
16:00 of 3rd period - Deflect By Jiri Tlusty.
16:00 of 3rd period - Shot Misses the Net.
16:00 of 3rd period - Puck is out of play.
16:01 of 3rd period - Luke Adam wins face-off versus Evgeny Grachev in Stars zone.
16:07 of 3rd period - Icing by Boris Valabik.
16:08 of 3rd period - Evgeny Grachev wins face-off versus Jason Spezza in Stars zone.
17:10 of 3rd period - Minor Penalty to Alexander Frolov for Cross-checking.
17:11 of 3rd period - Nick Palmieri wins face-off versus John Tavares in Stars zone.
17:16 of 3rd period - Slapshot by Jason Spezza.
17:16 of 3rd period - Stopped by Cory Schneider with a rebound.
17:18 of 3rd period - Slapshot by Tyler Cuma.
17:18 of 3rd period - Stopped by Cory Schneider without a rebound.
17:19 of 3rd period - John Tavares wins face-off versus Nick Palmieri in Stars zone.
17:51 of 3rd period - Icing by Tyler Cuma.
17:52 of 3rd period - Brandon Dubinsky wins face-off versus John Tavares in Sharks zone.
17:52 of 3rd period - Brandon Dubinsky is hit by John Tavares.
18:54 of 3rd period - Minor Penalty to Oskar Osala for Holding Stick.
18:55 of 3rd period - John Tavares wins face-off versus Jason Spezza in Sharks zone.
19:04 of 3rd period - Sharks, Ryan Miller is pulled from the net.
19:10 of 3rd period - Penalty to Alexander Frolov is over, Alexander Frolov is back on ice.
19:38 of 3rd period - Alex Chiasson is hit by PK Subban and loses puck.
Goals for this period are 2 for Sharks vs 1 for Stars.
Shots for this period are 6 for Sharks vs 8 for Stars.